 Dungeon Crawl Stone Soup version 0.30-a0-757-ga6a79fd877 (webtiles) character file.

Game seed: 8843258397705194374

70 theblackgale the Firebug (level 4, 0/27 HPs)
             Began as a Demonspawn Fire Elementalist on Feb 9, 2023.
             Was a Follower of Hepliaklqana.
             Slain by theblackgale's ghost (2 damage)
             ... on level 3 of the Dungeon.
             The game lasted 00:17:30 (2264 turns).

theblackgale the Firebug (DsFE)                     Turns: 2264, Time: 00:17:30

Health: 0/27       AC:  3    Str:  8    XL:     4   Next: 4%
Magic:  5/7        EV: 12    Int: 19    God:    Hepliaklqana [*.....]
Gold:   62         SH:  0    Dex: 13    Spells: 7/8 levels left

rFire   . . .      SeeInvis .    (no weapon)
rCold   . . .      Faith    .    (no shield)
rNeg    . . .      Spirit   .    a - +1 robe
rPois   .          Reflect  .    (no helmet)
rElec   .          Harm     .    (no cloak)
rCorr   .          Rampage  .    (no gloves)
Will    .....                    (no boots)
Stlth   ++                       (no amulet)
HPRegen 0.24/turn                (no ring)
MPRegen 0.10/turn                (no ring)

@: no status effects
A: reduced essence, powered by death 1
a: Renounce Religion, Recall Ancestor, Ancestor Identity


You were on level 3 of the Dungeon.
You worshipped Hepliaklqana.
Hepliaklqana was aware of your devotion.
You visited 1 branch of the dungeon, and saw 3 of its levels.

You collected 62 gold pieces.

Inventory:

Armour
 a - a +1 robe (worn)
Scrolls
 c - 2 scrolls of enchant weapon
 e - a scroll of fog
 g - a scroll of silence {unknown}
Potions
 b - a potion of magic
 d - a potion of berserk rage {unknown}
 f - a potion of mutation {unknown}
 h - a potion of resistance {unknown}
 i - 2 potions of brilliance
 j - a potion of attraction {unknown}
 k - a potion of heal wounds {unknown}
 l - a potion of curing


   Skills:
 + Level 2.0 Dodging
 + Level 2.6 Stealth
 + Level 2.5 Spellcasting
 + Level 1.8 Conjurations
 + Level 3.2 Fire Magic


You had 7 spell levels left.
You knew the following spells:

 Your Spells              Type           Power      Damage    Failure   Level
a - Foxfire               Conj/Fire      48%        2x1d6     5%          1

Your spell library contained the following spells:

 Spells                   Type           Power      Damage    Failure   Level
 Scorch                   Fire           28%        2d6       6%          2
 Inner Flame              Hex/Fire       8%         N/A       26%         3
 Kindle Blastsparks       Fire/Tloc/Air  12%        2d11      30%         3
 Flame Wave               Conj/Fire      12%        2d6       50%         4


Dungeon Overview and Level Annotations

Branches:
Dungeon (3/15)

Altars:
Hepliaklqana

Annotations:
D:3 theblackgale's ghost, amateur GnCA


Innate Abilities, Weirdness & Mutations

Your life essence is reduced to manifest your ancestor. (-10% HP)
You regenerate a little health from kills.


Message History

Level annotation: 3 runed translucent doors, theblackgale's ghost, amateur GnCA Welcome back, theblackgale the Demonspawn Fire Elementalist.
Hepliaklqana says: Your past becomes your present!
Press ? for a list of commands and other information.
Casting: Foxfire (safe; 5% risk of failure)
Confirm with . or Enter, or press ? or * to list all spells.
You don't know that spell.
A rat comes into view.
Found a potion of curing.
You see here a +0 ring mail.
The rat misses you.
You hit the rat.
The rat is heavily wounded.
The rat closely misses you.
You hit the rat but do no damage.
The rat is heavily wounded.
The rat bites you but does no damage.
Kel misses the rat.
You hit the rat.
You kill the rat!
l - a potion of curing You swap places.
Theblackgale's ghost screams, "What do you have that I didn't have?"
You open the gate. The endoplasm attacks as you move away!
The endoplasm hits you.
The orc complains repeatedly.
The orc hits kel with a +0 war axe!
Kel hits theblackgale's ghost.
The endoplasm attacks as you move away! The endoplasm closely misses you.
Kel hits theblackgale's ghost but does no damage.
Theblackgale's ghost attacks as you move away!
Theblackgale's ghost hits you! Theblackgale's ghost burns you.
Kel hits the orc.
Theblackgale's ghost attacks as you move away!
Theblackgale's ghost hits you!
* * * LOW HITPOINT WARNING * * *
Theblackgale's ghost burns you.
* * * LOW HITPOINT WARNING * * *
Kel barely misses the orc.
Theblackgale's ghost attacks as you move away!
Theblackgale's ghost hits you.
You die...

#########.....
##..#.#........
##.............. ####
##...[...........
#....###....#########...
#....#......#.......#...
#...........#..#.#$.#..#
#.......J.r.'...#...#..#
#......@W.K.'.......#..#
#........o.R'...#...#...
#####.......#..#.#..#..!
#.......#.....
#.......#######
#...^..... ....
#.......... ...
#........## ##


You could see the friendly kel the ancestor, theblackgale's ghost, an orc, an
endoplasm (ally target), a kobold and a rat.

Vanquished Creatures
  An adder (D:2)
  A dart slug (D:2)
  4 ball pythons
  5 endoplasms
  2 giant cockroaches (D:1)
  5 goblins
  6 hobgoblins
  2 jackals (D:3)
  A quokka (D:3)
  5 bats
  5 frilled lizards
  A kobold (D:2)
  6 rats
44 creatures vanquished.

Vanquished Creatures (collateral kills)
  A worm (D:2)
  A dart slug (D:3)
  An orc (D:3)
  An endoplasm (D:2)
  A jackal (D:3)
5 creatures vanquished.

Vanquished Creatures (others)
  127 foxfires
127 creatures vanquished.

Grand Total: 176 creatures vanquished

Notes
Turn   | Place    | Note
-------+----------+-------------------------------------------
     0 | D:1      | theblackgale the Demonspawn Fire Elementalist began the
                  | quest for the Orb.
     0 | D:1      | Reached XP level 1. HP: 13/13 MP: 3/3
   539 | D:1      | Gained mutation: You regenerate a little health from kills.
                  | [demonic ancestry]
   539 | D:1      | Reached XP level 2. HP: 19/19 MP: 3/5
   544 | D:1      | Reached skill level 3 in Fire Magic
  1148 | D:2      | Found a faded altar of an unknown god.
  1153 | D:2      | Prayed at the altar of an unknown god.
  1153 | D:2      | Became a worshipper of Hepliaklqana the Forgotten
  1153 | D:2      | Reached * piety under Hepliaklqana
  1608 | D:2      | Reached XP level 3. HP: 21/21 MP: 0/6
  2189 | D:3      | Reached XP level 4. HP: 17/27 MP: 0/7
  2238 | D:3      | Found a runed translucent gate.
  2238 | D:3      | Found a runed translucent gate.
  2239 | D:3      | Noticed theblackgale's ghost (amateur GnCA)
  2240 | D:3      | Found a runed translucent gate.
  2264 | D:3      | Slain by theblackgale's ghost

Illustrated notes

Levels and vault maps discovered:
D:1:      dpeg_arrival_solitude, layout_basic
D:2:      layout_basic, shapermc_ecumenical_altar_venn, minmay_misc_feat_columns
D:3:      minmay_diamond_boxcup, layout_rooms, gammafunk_temple_overflow_arena,
          grunt_temple_overflow_diamond, serial_shops, shop,
          gammafunk_ghost_split, minmay_joined_circles

Skill      XL: |  1  2 |
---------------+-------+-----
Stealth        | 2 |  2.6
Fire Magic     | 3 |  3.2
Dodging        | 2 |  2.0
Spellcasting   | |  2.5
Conjurations   | |  1.8

Action                     |  1- 3 |  4- 6 || total
---------------------------+-------+-------++-------
  Melee: Unarmed           |    51 |     3 ||    54
   Cast: Foxfire           |    78 |     3 ||    81
 Invoke: Ancestor Identity |     1 |       ||     1
    Use: Scroll            |     6 |       ||     6
 Armour: Robe              |    26 |     1 ||    27
  Dodge: Dodged            |    56 |     8 ||    64

Table legend: (Time is in decaauts)
 A = Elapsed time spent in this place.
 B = Non-inter-level travel time spent in this place.
 C = Inter-level travel time spent in this place.
 D = Time resting spent in this place.
 E = Time spent auto-exploring this place.
 F = Levels seen in this place.
 G = Mean time per level.
                   A        B        C        D        E       F      G
               +--------+--------+--------+--------+--------+-----+--------+
         Total |   2263 |   1290 |    973 |    923 |      0 |   3 |  754.3 |
       Dungeon |   2263 |   1290 |    973 |    923 |      0 |   3 |  754.3 |
               +--------+--------+--------+--------+--------+-----+--------+

Top non-repeatable levels by time:
     D:2: 1112 daAuts
     D:1: 977 daAuts
     D:3: 173 daAuts
